 Dungeon Crawl Stone Soup version 0.27-a0-906-g0a00ce863d (webtiles) character file.

Game seed: 11538207829398966570

81 dolemite99 the Ruffian (level 4, -4/35 HPs)
             Began as a Demonspawn Fighter on Apr 7, 2021.
             Was a Believer of Lugonu.
             Slain by Grinder (6 damage)
             ... while paralysed by Grinder
             ... on level 3 of the Dungeon.
             The game lasted 00:02:10 (3001 turns).

dolemite99 the Ruffian (Demonspawn Fighter)         Turns: 3001, Time: 00:02:11

Health: -4/35      AC:  6    Str: 18    XL:     4   Next: 20%
Magic:  4/4        EV:  2    Int: 11    God:    Lugonu [**....]
Gold:   82         SH:  0    Dex: 12    Spells: 3/3 levels left

rFire    . . .     SeeInvis .     - Unarmed
rCold    . . .     Faith    .   (no shield)
rNeg     . . .     Spirit   .   a - +0 scale mail
rPois    .         Reflect  .   (no helmet)
rElec    .         Harm     .   (no cloak)
rCorr    .         Rampage  .   (no gloves)
Will     .....                  (no boots)
Stlth    ..........             (no amulet)
HPRegen  0.11/turn              (no ring)
MPRegen  0.09/turn              (no ring)

@: paralysed, mighty
A: spiny 2, big brain 1
a: Renounce Religion, Depart the Abyss, Bend Space


You were on level 3 of the Dungeon.
You worshipped Lugonu.
Lugonu was pleased with you.
You visited 1 branch of the dungeon, and saw 3 of its levels.

You collected 82 gold pieces.

Inventory:

Hand Weapons
 l - a +0 arbalest
Missiles
 d - 97 stones (quivered)
 f - 18 bolts
 g - 47 arrows
 j - 23 poisoned darts
Armour
 a - a +0 scale mail (worn)
 b - a +0 kite shield
Scrolls
 e - 2 scrolls of teleportation {unknown}
 h - a scroll of enchant weapon {unknown}
 k - 3 scrolls of identify {unknown}
Potions
 i - 3 potions of magic


   Skills:
 - Level 3.0 Fighting
 - Level 2.6 Armour
 - Level 2.6 Shields
 + Level 4.1 Unarmed Combat


You had 3 spell levels left.
You didn't know any spells.
Your spell library was empty.

Dungeon Overview and Level Annotations

Branches:
Dungeon (3/15)

Altars:
Lugonu

Annotations:
D:3 Grinder


Innate Abilities, Weirdness & Mutations

You are mostly covered in sharp spines.
You have an unusually large brain. (Int +2)


Message History

You feel very mighty all of a sudden.
You start waiting.
Grinder is nearby!
Grinder hits you.
You writhe in agony.
You punch Grinder!
Grinder is moderately wounded.
Grinder is struck by your spines. Grinder hits you but does no damage.
You closely miss Grinder.
Grinder is moderately wounded.
Grinder gestures at you.
You suddenly lose the ability to move!
Grinder hits you.
You writhe in agony.
Grinder hits you.
You can move again.
You hit Grinder but do no damage.
Grinder is moderately wounded.
Grinder hits you but does no damage.
You hit Grinder.
Grinder is heavily wounded.
Grinder gestures at you. Pain shoots through your body!
* * * LOW HITPOINT WARNING * * *
You closely miss Grinder.
Grinder is heavily wounded.
Grinder hits you but does no damage.
You closely miss Grinder.
Grinder is heavily wounded.
Grinder hits you.
* * * LOW HITPOINT WARNING * * *
It was a potion of magic.
Magic courses through your body. Grinder gestures at you.
You suddenly lose the ability to move!
Grinder gestures at you.
You barely resist. Grinder hits you.
* * * LOW HITPOINT WARNING * * *
You writhe in agony.
* * * LOW HITPOINT WARNING * * *
Grinder is struck by your spines. Grinder hits you.
You die...

#...........#
#.###...##..#
.##.##.....# ..
...........# #
###.###.#..##.#
#.###.......#
###........####
#.....###...####
#.....# #....@.#
#.....# #...##5#
#...>.# ######.#
#.....# #.#
####### #.# ..#
.## 5 #.


You could see Grinder.

Vanquished Creatures
  A hound skeleton (D:3)
  3 adders (D:2)
  A dart slug (D:1)
  An orc (D:3)
  4 ball pythons
  2 endoplasms
  A giant cockroach (D:2)
  4 goblins
  4 hobgoblins
  3 jackals (D:1)
  2 quokkas (D:1)
  A bat (D:1)
  3 frilled lizards (D:1)
  2 kobolds
  5 rats
37 creatures vanquished.

Notes
Turn   | Place    | Note
-------+----------+-------------------------------------------
     0 | D:1      | dolemite99 the Demonspawn Fighter began the quest for the
                  | Orb.
     0 | D:1      | Reached XP level 1. HP: 18/18 MP: 1/1
    37 | D:1      | Reached skill level 2 in Unarmed Combat
   114 | D:1      | Found a faded altar of an unknown god.
   143 | D:1      | Became a worshipper of Lugonu the Unformed
   143 | D:1      | Reached * piety under Lugonu
   143 | D:1      | Reached ** piety under Lugonu
   607 | D:1      | Gained mutation: You are partially covered in sharp spines.
                  | [demonic ancestry]
   607 | D:1      | Reached XP level 2. HP: 24/24 MP: 2/2
  1085 | D:1      | Reached skill level 3 in Unarmed Combat
  1485 | D:2      | Gained mutation: You have an unusually large brain. (Int
                  | +2) [demonic ancestry]
  1485 | D:2      | Reached XP level 3. HP: 29/29 MP: 3/3
  2894 | D:3      | Gained mutation: You are mostly covered in sharp spines.
                  | [demonic ancestry]
  2894 | D:3      | Reached XP level 4. HP: 27/35 MP: 4/4
  2903 | D:3      | Reached skill level 4 in Unarmed Combat
  2982 | D:3      | Noticed Grinder
  2991 | D:3      | Paralysed by Grinder for 2 turns
  2998 | D:3      | Paralysed by Grinder for 7 turns
  3001 | D:3      | Slain by Grinder

Illustrated notes

Levels and vault maps discovered:
D:1:      dpeg_chamrin_arrival_tetris, layout_basic, basic_ecumenical_altar
D:2:      layout_basic
D:3:      layout_loops_cross, uniq_grinder

Skill      XL: |  1  2  3  4 |
---------------+-------------+-----
Unarmed Combat | 2 3 4 |  4.1
Fighting       | |  3.0
Armour         | |  2.6
Shields        | |  2.6

Action                   |  1- 3 |  4- 6 || total
-------------------------+-------+-------++-------
Melee: Unarmed           |   111 |     8 ||   119
       Punch             |     2 |       ||     2
Throw: Stone             |    35 |       ||    35
  Use: Potion            |       |     2 ||     2
Armor: Scale mail        |    28 |     4 ||    32
Dodge: Dodged            |    35 |     1 ||    36
Block: Kite shield       |     7 |       ||     7

Table legend: (Time is in decaauts)
 A = Elapsed time spent in this place.
 B = Non-inter-level travel time spent in this place.
 C = Inter-level travel time spent in this place.
 D = Time resting spent in this place.
 E = Time spent auto-exploring this place.
 F = Levels seen in this place.
 G = Mean time per level.
                   A        B        C        D        E       F      G
               +--------+--------+--------+--------+--------+-----+--------+
         Total |   3000 |   2901 |     99 |    865 |   1713 |   3 | 1000.0 |
       Dungeon |   3000 |   2901 |     99 |    865 |   1713 |   3 | 1000.0 |
               +--------+--------+--------+--------+--------+-----+--------+

Top non-repeatable levels by time:
     D:1: 1483 daAuts
     D:2: 1312 daAuts
     D:3: 204 daAuts
